Stars vs Canucks

Created - June 10, 2017 at 22:05

Goals
1 2 3 T
Stars 2 0 2 4
Canucks 1 0 1 2
Shots
1 2 3 T
Stars 17 4 16 37
Canucks 7 10 12 29

1st period

1. Stars , Radim Vrbata 4 (John Tavares 13) at 1:42 (PP)
2. Stars , John Tavares 5 (Paul Martin 5) at 16:46
3. Canucks , Patrick Eaves 3 (Maxim Lapierre 5, Sami Lepisto 5) at 17:27

Penalties :
Mike Ribeiro (Van) for Holding (Minor) at 0:50, Peter Worrell (Dal) for Hooking (Minor) at 13:24, Maxim Lapierre (Van) for Roughing (Minor) at 19:40

2nd period

No Goal

Penalties :
Brian Lee (Dal) for Holding (Minor) at 5:38, Ben Lovejoy (Van) for Cross-checking (Minor) at 9:19, Sean Avery (Dal) for Roughing (Minor) at 18:00

3rd period

4. Stars , Ryan Getzlaf 3 (Michael Frolik 4) at 9:40
5. Canucks , Sami Lepisto 1 (Clarke MacArthur 2, Nick Pryor 1) at 13:12
6. Stars , Scott Hartnell 7 (John Tavares 14, Johnny Oduya 2) at 19:10 (Empty Net)

Penalties :
Shaone Morrisonn (Dal) for Hooking (Minor) at 13:40

Goalie Stats

Miika Kiprusoff (Dal), 27 saves from 29 shots - (0.931), W, 5-2-0, 60:00 minutes
Brent Krahn (Van), 33 saves from 36 shots - (0.917), L, 6-3-1, 59:46 minutes

Players Stats for Stars

Player Name              G  A  P  +/- PIM S  H  SB GA TA FO     MP     PP MP  PK MP  
------------------------------------------------------------------------------------
Andrei Markov            0  0  0   1  0   0  1  0  0  0  0/0    17:31   0:00   4:38 
Brian Lee                0  0  0   0  2   2  1  0  2  3  0/0    25:25   2:44   2:35 
Evgeny Artyukhin         0  0  0  -1  0   5  0  0  1  0  0/0    10:09   0:00   0:00 
John Tavares             1  2  3   2  0   5  0  1  0  0  19/33  20:25   2:46   1:42 
Johnny Oduya             0  1  1   1  0   4  1  0  0  0  0/0    18:12   2:06   1:38 
Jussi Jokinen            0  0  0  -1  0   2  1  0  0  0  0/3    14:59   2:46   2:57 
Marcus Kruger            0  0  0   0  0   0  3  0  0  0  3/4     9:14   0:00   1:51 
Michael Frolik           0  1  1   0  0   1  1  0  0  0  0/0    16:41   2:04   0:00 
Michal Handzus           0  0  0  -1  0   1  1  0  0  0  4/9    13:59   0:00   4:23 
Paul Martin              0  1  1   0  0   1  0  2  0  1  0/0    21:00   2:06   3:51 
Peter Worrell            0  0  0   0  2   2  1  0  0  1  0/0    17:17   0:00   1:50 
Radim Vrbata             1  0  1   2  0   4  2  0  1  2  1/2    18:43   2:46   0:00 
Ryan Getzlaf             1  0  1   0  0   3  1  1  0  0  6/14   16:34   2:04   0:00 
Scott Hartnell           1  0  1   2  0   3  1  0  0  1  1/1    17:48   2:04   0:09 
Scottie Upshall          0  0  0   0  0   2  0  0  0  0  0/0     6:52   0:00   0:00 
Sean Avery               0  0  0   0  2   0  1  1  0  1  0/1     8:55   0:00   3:00 
Shaone Morrisonn         0  0  0   1  2   0  0  0  0  1  0/0    15:48   0:00   3:10 
Trevor Daley             0  0  0  -1  0   2  2  1  0  1  0/0    22:28   2:44   0:00 

Players Stats for Canucks

Player Name              G  A  P  +/- PIM S  H  SB GA TA FO     MP     PP MP  PK MP  
------------------------------------------------------------------------------------
Alex Goligoski           0  0  0  -2  0   4  2  0  0  0  0/0    21:48   4:33   2:41 
Alex Tanguay             0  0  0  -1  0   1  1  0  2  0  0/1    15:25   0:11   0:57 
Ben Lovejoy              0  0  0  -1  2   1  2  0  0  0  0/0    19:04   0:00   1:32 
Bobby Butler             0  0  0   1  0   2  1  0  0  0  0/0    17:04   0:00   0:00 
Brendon Nash             0  0  0  -1  0   1  0  1  0  0  0/0    15:24   3:23   0:08 
Clarke MacArthur         0  1  1   0  0   2  0  0  0  0  0/0    13:24   3:41   0:26 
Jiri Hudler              0  0  0   0  0   0  0  0  2  0  1/2    11:32   4:04   0:00 
Martin St. Louis         0  0  0   0  0   1  0  0  0  0  4/6     9:03   0:11   1:17 
Matt Stajan              0  0  0  -1  0   1  0  0  0  0  7/15   15:08   0:11   1:17 
Maxim Afinogenov         0  0  0  -1  0   1  3  0  0  2  9/14   15:34   4:04   3:07 
Maxim Lapierre           0  1  1   1  2   5  1  0  2  0  9/20   16:58   0:00   0:00 
Mike Ribeiro             0  0  0  -1  2   1  4  1  0  0  3/6    10:58   0:00   2:36 
Milan Michalek           0  0  0   0  0   1  0  0  0  0  0/0    11:15   3:41   0:00 
Nick Pryor               0  1  1   1  0   1  1  2  0  1  0/0    24:07   4:33   1:06 
Nikolai Zherdev          0  0  0  -1  0   1  2  0  1  0  0/1    17:23   4:04   0:00 
Patrick Eaves            1  0  1   0  0   2  1  0  2  1  0/2    20:46   3:41   0:00 
Ryan Parent              0  0  0   0  0   0  2  0  0  0  0/0    16:01   0:00   2:07 
Sami Lepisto             1  1  2   1  0   4  1  2  2  0  0/0    24:13   3:23   2:06 

3 Stars

1 - John Tavares (Dal)
2 - Sami Lepisto (Van)
3 - Radim Vrbata (Dal)

Power Play

Stars - 1 on 3 Attempt(s) - 33.33%
Canucks - 0 on 4 Attempt(s) - 0.00%

Penalty Kill

Stars - 4 on 4 Attempt(s) - 100.00% - Score 0 goal in Penalty Kill
Canucks - 2 on 3 Attempt(s) - 66.67% - Score 0 goal in Penalty Kill

Team Stat

Stars - Hits : 17 - Faceoff Wins : 34 - Blocked Shots : 6 - Penalty Minutes : 8
Canucks - Hits : 21 - Faceoff Wins : 33 - Blocked Shots : 6 - Penalty Minutes : 6

Official

Referees : Ciamaga Chris and Meier Brad
Linesman : Darren Gibbs and Pierre Racicot

Game Notes

Scott Hartnell has scored in a empty net!

Finance

Level 1 -- Attendance: 6000 (100.00%) -- Ticket Income $516,000
Level 2 -- Attendance: 5000 (100.00%) -- Ticket Income $245,000
Level 3 -- Attendance: 2000 (100.00%) -- Ticket Income $60,000
Level 4 -- Attendance: 4000 (100.00%) -- Ticket Income $68,000
Luxury Box -- Attendance: 1000 (100.00%) -- Ticket Income $100,000
Game was played at the Budweiser Coliseum.
Total Attendance: 18000 (100.00%)
Total Ticket Income: $989,000
Other Income: $148,350
Total Income: $1,137,350

Stars

5 vs 5 Forward 
   Center                   Left Wing                Right Wing               Time % Phy DF OF 
 1 John Tavares             Scott Hartnell           Radim Vrbata             38     0   1  4  
 2 Ryan Getzlaf             Peter Worrell            Michael Frolik           30     0   2  3  
 3 Michal Handzus           Jussi Jokinen            Evgeny Artyukhin         20     1   2  2  
 4 Marcus Kruger            Sean Avery               Scottie Upshall          12     1   2  2  

5 vs 5 Defense 
   Defense                  Defense                                           Time % Phy DF OF 
 1 Brian Lee                Trevor Daley                                      40     0   2  3  
 2 Paul Martin              Johnny Oduya                                      30     1   2  2  
 3 Andrei Markov            Shaone Morrisonn                                  20     1   3  1  
 4 Andrei Markov            Shaone Morrisonn                                  10     1   3  1  

PowerPlay Forward 
   Center                   Left Wing                Right Wing               Time % Phy DF OF 
 1 John Tavares             Jussi Jokinen            Radim Vrbata             60     0   1  4  
 2 Ryan Getzlaf             Scott Hartnell           Michael Frolik           40     0   1  4  

PowerPlay Defense
   Defense                  Defense                                           Time % Phy DF OF 
 1 Brian Lee                Trevor Daley                                      60     0   2  3  
 2 Paul Martin              Johnny Oduya                                      40     0   2  3  

Penalty Kill 4 Players Forward 
   Center                   Wing                     Time % Phy DF OF 
 1 Michal Handzus           Sean Avery               60     0   4  1  
 2 Marcus Kruger            Peter Worrell            40     0   4  1  

Penalty Kill 4 Players Defense
   Defense                  Defense                  Time % Phy DF OF 
 1 Andrei Markov            Shaone Morrisonn         60     1   4  0  
 2 Paul Martin              Brian Lee                40     1   4  0  

Penalty Kill - 3 Players Forward 
   Forward                                           Time % Phy DF OF 
 1 Michal Handzus                                    60     0   4  1  
 2 Radim Vrbata                                      40     0   4  1  

Penalty Kill - 3 Players Defense
   Defense                  Defense                  Time % Phy DF OF 
 1 Brian Lee                Johnny Oduya             60     0   4  1  
 2 Paul Martin              Trevor Daley             40     0   4  1  

4 vs 4 Forward 
   Center                   Wing                     Time % Phy DF OF 
 1 John Tavares             Radim Vrbata             60     0   2  3  
 2 Ryan Getzlaf             Scott Hartnell           40     0   2  3  

4 vs 4 Defense
   Defense                  Defense                  Time % Phy DF OF 
 1 Brian Lee                Johnny Oduya             60     1   2  2  
 2 Paul Martin              Trevor Daley             40     1   2  2  

Last Minutes Offensive
   Center                   Left Wing                Right Wing               Defense                  Defense                  
   John Tavares             Scott Hartnell           Radim Vrbata             Brian Lee                Johnny Oduya             

Last Minutes Defensive
   Center                   Left Wing                Right Wing               Defense                  Defense                  
   John Tavares             Scott Hartnell           Radim Vrbata             Brian Lee                Johnny Oduya             

Goaltenders
Starting : Miika Kiprusoff          
Backup : Pascal Leclaire          

Extra Forwards
Normal : Evgeny Artyukhin, Scottie Upshall, Michal Handzus - PP : Evgeny Artyukhin, Scottie Upshall - PK : Michal Handzus
Extra Defensemen
Normal : Andrei Markov, Shaone Morrisonn, Paul Martin - PP : Andrei Markov - PK : Shaone Morrisonn, Paul Martin
Penalty Shots
John Tavares, Michael Frolik, Radim Vrbata, Michal Handzus, Sean Avery

Scratches
None

Canucks

5 vs 5 Forward 
   Center                   Left Wing                Right Wing               Time % Phy DF OF 
 1 Maxim Lapierre           Bobby Butler             Patrick Eaves            40     1   2  2  
 2 Matt Stajan              Alex Tanguay             Nikolai Zherdev          30     1   2  2  
 3 Mike Ribeiro             Clarke MacArthur         Maxim Afinogenov         20     1   2  2  
 4 Martin St. Louis         Milan Michalek           Jiri Hudler              10     1   2  2  

5 vs 5 Defense 
   Defense                  Defense                                           Time % Phy DF OF 
 1 Nick Pryor               Sami Lepisto                                      40     1   2  2  
 2 Ryan Parent              Ben Lovejoy                                       30     1   2  2  
 3 Brendon Nash             Alex Goligoski                                    20     1   2  2  
 4 Alex Goligoski           Ben Lovejoy                                       10     1   2  2  

PowerPlay Forward 
   Center                   Left Wing                Right Wing               Time % Phy DF OF 
 1 Maxim Afinogenov         Nikolai Zherdev          Jiri Hudler              60     1   2  2  
 2 Patrick Eaves            Clarke MacArthur         Milan Michalek           40     1   2  2  

PowerPlay Defense
   Defense                  Defense                                           Time % Phy DF OF 
 1 Nick Pryor               Alex Goligoski                                    60     1   2  2  
 2 Sami Lepisto             Brendon Nash                                      40     1   2  2  

Penalty Kill 4 Players Forward 
   Center                   Wing                     Time % Phy DF OF 
 1 Maxim Afinogenov         Mike Ribeiro             60     1   2  2  
 2 Martin St. Louis         Matt Stajan              40     1   2  2  

Penalty Kill 4 Players Defense
   Defense                  Defense                  Time % Phy DF OF 
 1 Alex Goligoski           Ben Lovejoy              60     1   2  2  
 2 Ryan Parent              Sami Lepisto             40     1   2  2  

Penalty Kill - 3 Players Forward 
   Forward                                           Time % Phy DF OF 
 1 Maxim Afinogenov                                  60     1   2  2  
 2 Mike Ribeiro                                      40     1   2  2  

Penalty Kill - 3 Players Defense
   Defense                  Defense                  Time % Phy DF OF 
 1 Alex Goligoski           Ben Lovejoy              60     1   2  2  
 2 Ryan Parent              Sami Lepisto             40     1   2  2  

4 vs 4 Forward 
   Center                   Wing                     Time % Phy DF OF 
 1 Maxim Afinogenov         Mike Ribeiro             60     1   2  2  
 2 Martin St. Louis         Matt Stajan              40     1   2  2  

4 vs 4 Defense
   Defense                  Defense                  Time % Phy DF OF 
 1 Alex Goligoski           Ben Lovejoy              60     1   2  2  
 2 Ryan Parent              Sami Lepisto             40     1   2  2  

Last Minutes Offensive
   Center                   Left Wing                Right Wing               Defense                  Defense                  
   Mike Ribeiro             Milan Michalek           Maxim Afinogenov         Alex Goligoski           Ben Lovejoy              

Last Minutes Defensive
   Center                   Left Wing                Right Wing               Defense                  Defense                  
   Mike Ribeiro             Milan Michalek           Maxim Afinogenov         Alex Goligoski           Ben Lovejoy              

Goaltenders
Starting : Brent Krahn              
Backup : Carey Price              

Extra Forwards
Normal : Patrick Eaves, Jiri Hudler, Alex Tanguay - PP : Patrick Eaves, Jiri Hudler - PK : Alex Tanguay
Extra Defensemen
Normal : Brendon Nash, Nick Pryor, Ryan Parent - PP : Brendon Nash - PK : Nick Pryor, Ryan Parent
Penalty Shots
Maxim Afinogenov, Mike Ribeiro, Martin St. Louis, Matt Stajan, Milan Michalek

Scratches
Doug Janik (Healthy), Tom Poti (Lacerated Left Calf Injury)

% Time on Ice - Stars

Lines # - Real PCT - Wanted PCT - Time Play
Normal Forward
1 - 33% - 38% - 15:40
2 - 35% - 30% - 16:18
3 - 19% - 20% - 8:54
4 - 13% - 12% - 5:56
Normal Defense
1 - 42% - 40% - 19:44
2 - 32% - 30% - 14:49
3 - 19% - 20% - 8:47
4 - 7% - 10% - 3:28
PP Forward
1 - 57% - 60% - 2:46
2 - 43% - 40% - 2:04
PP Defense
1 - 57% - 60% - 2:44
2 - 43% - 40% - 2:06
PK Forward
1 - 77% - 60% - 6:05
2 - 23% - 40% - 1:51
PK Defense
1 - 65% - 60% - 5:09
2 - 35% - 40% - 2:47
PK3 Forward
1 - 0% - 60%
2 - 0% - 40%
PK3 Defense
1 - 0% - 60%
2 - 0% - 40%
44 Forward
1 - 0% - 60%
2 - 0% - 40%
44 Defense
1 - 0% - 60%
2 - 0% - 40%
Last Minute Offensive  - 0:00
Last Minute Defensive  - 0:26
Total
Forward - 60:00
Defense - 60:00

% Time on Ice - Canucks

Lines # - Real PCT - Wanted PCT - Time Play
Normal Forward
1 - 36% - 40% - 16:45
2 - 33% - 30% - 15:37
3 - 17% - 20% - 7:56
4 - 14% - 10% - 6:33
Normal Defense
1 - 40% - 40% - 18:57
2 - 30% - 30% - 14:10
3 - 24% - 20% - 11:20
4 - 5% - 10% - 2:24
PP Forward
1 - 54% - 60% - 4:15
2 - 46% - 40% - 3:41
PP Defense
1 - 57% - 60% - 4:33
2 - 43% - 40% - 3:23
PK Forward
1 - 73% - 60% - 3:33
2 - 27% - 40% - 1:17
PK Defense
1 - 66% - 60% - 3:10
2 - 34% - 40% - 1:40
PK3 Forward
1 - 0% - 60%
2 - 0% - 40%
PK3 Defense
1 - 0% - 60%
2 - 0% - 40%
44 Forward
1 - 0% - 60%
2 - 0% - 40%
44 Defense
1 - 0% - 60%
2 - 0% - 40%
Last Minute Offensive  - 0:23
Last Minute Defensive  - 0:00
Total
Forward - 60:00
Defense - 60:00

Play by Play

1st period


0:01 of 1st period - John Tavares wins face-off versus Maxim Lapierre in neutral zone.
0:26 of 1st period - Ryan Getzlaf is hit by Alex Tanguay and loses puck.
0:50 of 1st period - Minor Penalty to Mike Ribeiro for Holding.
0:51 of 1st period - John Tavares wins face-off versus Maxim Afinogenov in Canucks zone.
1:03 of 1st period - Snap shot by Jussi Jokinen.
1:03 of 1st period - Stopped by Brent Krahn without a rebound.
1:04 of 1st period - Martin St. Louis wins face-off versus Ryan Getzlaf in Canucks zone.
1:36 of 1st period - Slapshot by Brian Lee.
1:36 of 1st period - Deflect By Ryan Getzlaf.
1:36 of 1st period - Stopped by Brent Krahn with a rebound.
1:38 of 1st period - Slapshot by Brian Lee.
1:38 of 1st period - Stopped by Brent Krahn without a rebound.
1:39 of 1st period - John Tavares wins face-off versus Maxim Afinogenov in Canucks zone.
1:42 of 1st period - Wrist shot by Radim Vrbata.
1:42 of 1st period - Goal by Radim Vrbata - Stars : 1 - Canucks : 0.
1:43 of 1st period - Radim Vrbata wins face-off versus Maxim Lapierre in neutral zone.
1:54 of 1st period - Off-side.
1:55 of 1st period - Ryan Getzlaf wins face-off versus Nikolai Zherdev in neutral zone.
2:04 of 1st period - Snap shot by Michael Frolik.
2:04 of 1st period - Shot Blocked by Sami Lepisto.
2:06 of 1st period - Slapshot by Ryan Getzlaf.
2:06 of 1st period - Shot Misses the Net.
2:08 of 1st period - Wrist shot by Ryan Getzlaf.
2:08 of 1st period - Shot Misses the Net.
2:10 of 1st period - Slapshot by Shaone Morrisonn.
2:10 of 1st period - Deflect By Peter Worrell.
2:10 of 1st period - Stopped by Brent Krahn with a rebound.
2:42 of 1st period - Wrist shot by Bobby Butler.
2:42 of 1st period - Stopped by Miika Kiprusoff without a rebound.
2:43 of 1st period - John Tavares wins face-off versus Maxim Lapierre in Stars zone.
3:57 of 1st period - Snap shot by Scottie Upshall.
3:57 of 1st period - Stopped by Brent Krahn with a rebound.
4:53 of 1st period - Patrick Eaves is hit by Michael Frolik.
5:21 of 1st period - Snap shot by Scottie Upshall.
5:21 of 1st period - Stopped by Brent Krahn without a rebound.
5:22 of 1st period - Marcus Kruger wins face-off versus Martin St. Louis in Canucks zone.
5:29 of 1st period - Snap shot by Milan Michalek.
5:29 of 1st period - Shot Misses the Net.
6:06 of 1st period - Alex Goligoski is hit by Brian Lee and loses puck.
6:17 of 1st period - Wrist shot by Michael Frolik.
6:17 of 1st period - Shot Hit the Post.
6:29 of 1st period - Mike Ribeiro is hit by Johnny Oduya and loses puck.
6:34 of 1st period - Wrist shot by Michal Handzus.
6:34 of 1st period - Shot Misses the Net.
6:36 of 1st period - Slapshot by Shaone Morrisonn.
6:36 of 1st period - Deflect By Evgeny Artyukhin.
6:36 of 1st period - Shot Misses the Net.
6:36 of 1st period - Puck is out of play.
6:37 of 1st period - Scott Hartnell wins face-off versus Maxim Lapierre in Canucks zone.
6:44 of 1st period - Ben Lovejoy is hit by Scott Hartnell and loses puck.
7:34 of 1st period - Snap shot by Jussi Jokinen.
7:34 of 1st period - Stopped by Brent Krahn without a rebound.
7:35 of 1st period - John Tavares wins face-off versus Maxim Lapierre in Canucks zone.
8:00 of 1st period - Sami Lepisto is hit by Michal Handzus.
9:16 of 1st period - Icing by Sami Lepisto.
9:17 of 1st period - Matt Stajan wins face-off versus John Tavares in Canucks zone.
9:55 of 1st period - Off-side.
9:56 of 1st period - Maxim Afinogenov wins face-off versus Marcus Kruger in neutral zone.
10:22 of 1st period - Shaone Morrisonn is hit by Alex Goligoski.
10:28 of 1st period - Backhand shot by Johnny Oduya.
10:28 of 1st period - Stopped by Brent Krahn with a rebound.
10:30 of 1st period - Slapshot by Johnny Oduya.
10:30 of 1st period - Stopped by Brent Krahn with a rebound.
10:32 of 1st period - Snap shot by Sean Avery.
10:32 of 1st period - Shot Misses the Net.
10:34 of 1st period - Snap shot by Johnny Oduya.
10:34 of 1st period - Stopped by Brent Krahn without a rebound.
10:35 of 1st period - Maxim Lapierre wins face-off versus John Tavares in Canucks zone.
11:47 of 1st period - Wrist shot by Radim Vrbata.
11:47 of 1st period - Stopped by Brent Krahn with a rebound.
11:49 of 1st period - Slapshot by Radim Vrbata.
11:49 of 1st period - Stopped by Brent Krahn with a rebound.
11:51 of 1st period - Snap shot by Scott Hartnell.
11:51 of 1st period - Stopped by Brent Krahn without a rebound.
11:52 of 1st period - John Tavares wins face-off versus Maxim Lapierre in Canucks zone.
12:03 of 1st period - Snap shot by John Tavares.
12:03 of 1st period - Stopped by Brent Krahn with a rebound.
12:05 of 1st period - Wrist shot by Radim Vrbata.
12:05 of 1st period - Shot Misses the Net.
12:07 of 1st period - Snap shot by Scott Hartnell.
12:07 of 1st period - Deflect By John Tavares.
12:07 of 1st period - Stopped by Brent Krahn without a rebound.
12:08 of 1st period - Matt Stajan wins face-off versus Michal Handzus in Canucks zone.
12:23 of 1st period - Snap shot by Alex Tanguay.
12:23 of 1st period - Stopped by Miika Kiprusoff without a rebound.
12:24 of 1st period - Maxim Lapierre wins face-off versus John Tavares in Stars zone.
12:56 of 1st period - Slapshot by Jussi Jokinen.
12:56 of 1st period - Shot Misses the Net.
12:58 of 1st period - Slapshot by Michal Handzus.
12:58 of 1st period - Shot Misses the Net.
13:24 of 1st period - Minor Penalty to Peter Worrell for Hooking.
13:25 of 1st period - Michal Handzus wins face-off versus Maxim Afinogenov in Stars zone.
13:41 of 1st period - Shaone Morrisonn is hit by Maxim Afinogenov and loses puck.
15:24 of 1st period - Penalty to Peter Worrell is over, Peter Worrell is back on ice.
16:09 of 1st period - Snap shot by Maxim Lapierre.
16:09 of 1st period - Stopped by Miika Kiprusoff without a rebound.
16:10 of 1st period - Matt Stajan wins face-off versus Ryan Getzlaf in Stars zone.
16:13 of 1st period - Slapshot by Alex Goligoski.
16:13 of 1st period - Shot Hit the Post.
16:15 of 1st period - Slapshot by Alex Goligoski.
16:15 of 1st period - Shot Blocked by Paul Martin.
16:19 of 1st period - Snap shot by Matt Stajan.
16:19 of 1st period - Stopped by Miika Kiprusoff without a rebound.
16:20 of 1st period - Ryan Getzlaf wins face-off versus Matt Stajan in Stars zone.
16:31 of 1st period - Wrist shot by Alex Tanguay.
16:31 of 1st period - Deflect By Nikolai Zherdev.
16:31 of 1st period - Shot Blocked by Ryan Getzlaf.
16:31 of 1st period - Puck is out of play.
16:32 of 1st period - John Tavares wins face-off versus Maxim Afinogenov in Stars zone.
16:32 of 1st period - John Tavares is hit by Mike Ribeiro.
16:46 of 1st period - Wrist shot by John Tavares.
16:46 of 1st period - Goal by John Tavares - Stars : 2 - Canucks : 0.
16:47 of 1st period - Maxim Lapierre wins face-off versus John Tavares in neutral zone.
16:56 of 1st period - Maxim Lapierre is hit by Radim Vrbata and loses puck.
17:17 of 1st period - Wrist shot by Ryan Getzlaf.
17:17 of 1st period - Shot Misses the Net.
17:23 of 1st period - Wrist shot by Patrick Eaves.
17:23 of 1st period - Shot Misses the Net.
17:25 of 1st period - Snap shot by Maxim Lapierre.
17:25 of 1st period - Shot Misses the Net.
17:27 of 1st period - Slapshot by Patrick Eaves.
17:27 of 1st period - Goal by Patrick Eaves - Stars : 2 - Canucks : 1.
17:28 of 1st period - John Tavares wins face-off versus Matt Stajan in neutral zone.
17:53 of 1st period - Trevor Daley is hit by Mike Ribeiro and loses puck.
18:32 of 1st period - Icing by Shaone Morrisonn.
18:33 of 1st period - Martin St. Louis wins face-off versus Ryan Getzlaf in Stars zone.
18:38 of 1st period - Snap shot by Martin St. Louis.
18:38 of 1st period - Stopped by Miika Kiprusoff without a rebound.
18:39 of 1st period - Ryan Getzlaf wins face-off versus Martin St. Louis in Stars zone.
19:14 of 1st period - Wrist shot by Milan Michalek.
19:14 of 1st period - Shot Misses the Net.
19:16 of 1st period - Backhand shot by Sami Lepisto.
19:16 of 1st period - Shot Blocked by Trevor Daley.
19:18 of 1st period - Snap shot by Sami Lepisto.
19:18 of 1st period - Stopped by Miika Kiprusoff without a rebound.
19:19 of 1st period - John Tavares wins face-off versus Patrick Eaves in Stars zone.
19:40 of 1st period - Minor Penalty to Maxim Lapierre for Roughing.
19:41 of 1st period - Maxim Afinogenov wins face-off versus John Tavares in Canucks zone.
19:41 of 1st period - Maxim Afinogenov is hit by Jussi Jokinen.
Goals for this period are 2 for Stars vs 1 for Canucks.
Shots for this period are 17 for Stars vs 7 for Canucks.

2nd period


0:01 of 2nd period - Maxim Afinogenov wins face-off versus John Tavares in neutral zone.
0:51 of 2nd period - Off-side.
0:52 of 2nd period - Martin St. Louis wins face-off versus Ryan Getzlaf in neutral zone.
1:07 of 2nd period - Sami Lepisto is hit by Trevor Daley and loses puck.
1:20 of 2nd period - Wrist shot by Radim Vrbata.
1:20 of 2nd period - Shot Misses the Net.
1:22 of 2nd period - Slapshot by John Tavares.
1:22 of 2nd period - Shot Blocked by Mike Ribeiro.
1:40 of 2nd period - Penalty to Maxim Lapierre is over, Maxim Lapierre is back on ice.
2:04 of 2nd period - Icing by Alex Goligoski.
2:05 of 2nd period - Ryan Getzlaf wins face-off versus Maxim Lapierre in Canucks zone.
2:14 of 2nd period - Slapshot by Ryan Getzlaf.
2:14 of 2nd period - Shot Misses the Net.
2:16 of 2nd period - Wrist shot by Michael Frolik.
2:16 of 2nd period - Deflect By Peter Worrell.
2:16 of 2nd period - Stopped by Brent Krahn without a rebound.
2:17 of 2nd period - Matt Stajan wins face-off versus John Tavares in Canucks zone.
2:44 of 2nd period - Michal Handzus is hit by Maxim Lapierre.
3:03 of 2nd period - Trevor Daley is hit by Mike Ribeiro and loses puck.
3:41 of 2nd period - Alex Goligoski is hit by Sean Avery and loses puck.
4:20 of 2nd period - Alex Goligoski is hit by Radim Vrbata and loses puck.
4:48 of 2nd period - Wrist shot by Alex Goligoski.
4:48 of 2nd period - Shot Misses the Net.
4:50 of 2nd period - Wrist shot by Patrick Eaves.
4:50 of 2nd period - Shot Misses the Net.
4:52 of 2nd period - Slapshot by Alex Goligoski.
4:52 of 2nd period - Shot Misses the Net.
4:54 of 2nd period - Slapshot by Bobby Butler.
4:54 of 2nd period - Stopped by Miika Kiprusoff with a rebound.
4:56 of 2nd period - Wrist shot by Maxim Lapierre.
4:56 of 2nd period - Stopped by Miika Kiprusoff without a rebound.
4:57 of 2nd period - Matt Stajan wins face-off versus Jussi Jokinen in Stars zone.
5:33 of 2nd period - Slapshot by Mike Ribeiro.
5:33 of 2nd period - Shot Misses the Net.
5:35 of 2nd period - Slapshot by Sami Lepisto.
5:35 of 2nd period - Stopped by Miika Kiprusoff without a rebound.
5:36 of 2nd period - Marcus Kruger wins face-off versus Mike Ribeiro in Stars zone.
5:38 of 2nd period - Minor Penalty to Brian Lee for Holding.
5:39 of 2nd period - Michal Handzus wins face-off versus Maxim Afinogenov in Stars zone.
5:57 of 2nd period - Sean Avery is hit by Nikolai Zherdev and loses puck.
7:38 of 2nd period - Penalty to Brian Lee is over, Brian Lee is back on ice.
7:54 of 2nd period - Wrist shot by Maxim Lapierre.
7:54 of 2nd period - Shot Misses the Net.
8:15 of 2nd period - Snap shot by Scott Hartnell.
8:15 of 2nd period - Deflect By John Tavares.
8:15 of 2nd period - Shot Misses the Net.
8:15 of 2nd period - Puck is out of play.
8:16 of 2nd period - Maxim Lapierre wins face-off versus John Tavares in Canucks zone.
8:23 of 2nd period - Wrist shot by Maxim Lapierre.
8:23 of 2nd period - Shot Misses the Net.
8:27 of 2nd period - Snap shot by Maxim Lapierre.
8:27 of 2nd period - Stopped by Miika Kiprusoff without a rebound.
8:28 of 2nd period - John Tavares wins face-off versus Matt Stajan in Stars zone.
8:35 of 2nd period - Wrist shot by Scott Hartnell.
8:35 of 2nd period - Deflect By Ben Lovejoy.
8:35 of 2nd period - Stopped by Brent Krahn without a rebound.
8:36 of 2nd period - John Tavares wins face-off versus Matt Stajan in Canucks zone.
9:19 of 2nd period - Minor Penalty to Ben Lovejoy for Cross-checking.
9:20 of 2nd period - Maxim Afinogenov wins face-off versus John Tavares in Canucks zone.
11:19 of 2nd period - Penalty to Ben Lovejoy is over, Ben Lovejoy is back on ice.
11:38 of 2nd period - Snap shot by Ben Lovejoy.
11:38 of 2nd period - Deflect By Clarke MacArthur.
11:38 of 2nd period - Stopped by Miika Kiprusoff without a rebound.
11:39 of 2nd period - Marcus Kruger wins face-off versus Maxim Lapierre in Stars zone.
11:44 of 2nd period - Wrist shot by Sean Avery.
11:44 of 2nd period - Shot Misses the Net.
12:11 of 2nd period - Shaone Morrisonn is hit by Ryan Parent and loses puck.
12:47 of 2nd period - Brian Lee is hit by Maxim Afinogenov and loses puck.
13:44 of 2nd period - Andrei Markov is hit by Nikolai Zherdev and loses puck.
14:07 of 2nd period - Slapshot by Nikolai Zherdev.
14:07 of 2nd period - Shot Misses the Net.
14:09 of 2nd period - Wrist shot by Nikolai Zherdev.
14:09 of 2nd period - Stopped by Miika Kiprusoff without a rebound.
14:10 of 2nd period - Maxim Lapierre wins face-off versus Ryan Getzlaf in Stars zone.
14:11 of 2nd period - Slapshot by Alex Goligoski.
14:11 of 2nd period - Stopped by Miika Kiprusoff with a rebound.
14:13 of 2nd period - Slapshot by Alex Goligoski.
14:13 of 2nd period - Shot Hit the Post.
14:15 of 2nd period - Slapshot by Patrick Eaves.
14:15 of 2nd period - Shot Hit the Post.
14:37 of 2nd period - Radim Vrbata is hit by Mike Ribeiro and loses puck.
15:34 of 2nd period - Wrist shot by Marcus Kruger.
15:34 of 2nd period - Shot Misses the Net.
15:51 of 2nd period - Icing by Andrei Markov.
15:52 of 2nd period - Mike Ribeiro wins face-off versus Ryan Getzlaf in Stars zone.
16:17 of 2nd period - Michael Frolik is hit by Ben Lovejoy and loses puck.
16:50 of 2nd period - Snap shot by Radim Vrbata.
16:50 of 2nd period - Shot Misses the Net.
17:04 of 2nd period - Snap shot by Evgeny Artyukhin.
17:04 of 2nd period - Stopped by Brent Krahn without a rebound.
17:05 of 2nd period - Michal Handzus wins face-off versus Alex Tanguay in Canucks zone.
17:39 of 2nd period - Matt Stajan is hit by Trevor Daley and loses puck.
17:58 of 2nd period - Slapshot by Maxim Lapierre.
17:58 of 2nd period - Stopped by Miika Kiprusoff with a rebound.
18:00 of 2nd period - Minor Penalty to Sean Avery for Roughing.
18:01 of 2nd period - Maxim Afinogenov wins face-off versus Jussi Jokinen in Stars zone.
18:02 of 2nd period - Backhand shot by Alex Goligoski.
18:02 of 2nd period - Deflect By Michal Handzus.
18:02 of 2nd period - Stopped by Miika Kiprusoff without a rebound.
18:03 of 2nd period - Maxim Afinogenov wins face-off versus Jussi Jokinen in Stars zone.
18:13 of 2nd period - Off-side.
18:14 of 2nd period - Maxim Afinogenov wins face-off versus Michal Handzus in neutral zone.
18:17 of 2nd period - Slapshot by Alex Goligoski.
18:17 of 2nd period - Stopped by Miika Kiprusoff without a rebound.
18:18 of 2nd period - Maxim Afinogenov wins face-off versus Michal Handzus in Stars zone.
19:12 of 2nd period - Icing by Nikolai Zherdev.
19:13 of 2nd period - John Tavares wins face-off versus Jiri Hudler in Canucks zone.
19:14 of 2nd period - Slapshot by Brian Lee.
19:14 of 2nd period - Deflect By Maxim Afinogenov.
19:14 of 2nd period - Stopped by Brent Krahn with a rebound.
0:00 of 3rd period - Penalty to Sean Avery is over, Sean Avery is back on ice.
Goals for this period are 0 for Stars vs 0 for Canucks.
Shots for this period are 4 for Stars vs 10 for Canucks.

3rd period


0:01 of 3rd period - John Tavares wins face-off versus Maxim Lapierre in neutral zone.
0:16 of 3rd period - Wrist shot by John Tavares.
0:16 of 3rd period - Stopped by Brent Krahn without a rebound.
0:17 of 3rd period - Matt Stajan wins face-off versus Ryan Getzlaf in Canucks zone.
1:09 of 3rd period - Brian Lee is hit by Maxim Afinogenov and loses puck.
2:22 of 3rd period - Ryan Getzlaf is hit by Alex Goligoski and loses puck.
2:39 of 3rd period - Slapshot by Paul Martin.
2:39 of 3rd period - Stopped by Brent Krahn with a rebound.
2:41 of 3rd period - Slapshot by Johnny Oduya.
2:41 of 3rd period - Shot Blocked by Brendon Nash.
2:43 of 3rd period - Slapshot by Johnny Oduya.
2:43 of 3rd period - Stopped by Brent Krahn with a rebound.
2:55 of 3rd period - Off-side.
2:56 of 3rd period - Maxim Lapierre wins face-off versus John Tavares in neutral zone.
3:03 of 3rd period - Snap shot by Patrick Eaves.
3:03 of 3rd period - Shot Misses the Net.
3:05 of 3rd period - Slapshot by Nick Pryor.
3:05 of 3rd period - Shot Blocked by John Tavares.
3:07 of 3rd period - Snap shot by Sami Lepisto.
3:07 of 3rd period - Stopped by Miika Kiprusoff with a rebound.
3:09 of 3rd period - Snap shot by Maxim Lapierre.
3:09 of 3rd period - Stopped by Miika Kiprusoff without a rebound.
3:10 of 3rd period - John Tavares wins face-off versus Matt Stajan in Stars zone.
3:45 of 3rd period - Wrist shot by Bobby Butler.
3:45 of 3rd period - Shot Misses the Net.
4:07 of 3rd period - Wrist shot by Milan Michalek.
4:07 of 3rd period - Stopped by Miika Kiprusoff without a rebound.
4:08 of 3rd period - John Tavares wins face-off versus Maxim Lapierre in Stars zone.
4:08 of 3rd period - John Tavares is hit by Patrick Eaves.
5:53 of 3rd period - Snap shot by Jussi Jokinen.
5:53 of 3rd period - Deflect By Michal Handzus.
5:53 of 3rd period - Stopped by Brent Krahn without a rebound.
5:54 of 3rd period - John Tavares wins face-off versus Matt Stajan in Canucks zone.
6:03 of 3rd period - Wrist shot by John Tavares.
6:03 of 3rd period - Stopped by Brent Krahn with a rebound.
6:05 of 3rd period - Slapshot by Trevor Daley.
6:05 of 3rd period - Stopped by Brent Krahn with a rebound.
6:07 of 3rd period - Snap shot by Radim Vrbata.
6:07 of 3rd period - Stopped by Brent Krahn without a rebound.
6:08 of 3rd period - Maxim Lapierre wins face-off versus John Tavares in Canucks zone.
6:35 of 3rd period - Evgeny Artyukhin is hit by Nick Pryor and loses puck.
6:45 of 3rd period - Brian Lee is hit by Ben Lovejoy and loses puck.
8:08 of 3rd period - Jussi Jokinen is hit by Sami Lepisto and loses puck.
8:13 of 3rd period - Slapshot by Maxim Lapierre.
8:13 of 3rd period - Shot Misses the Net.
8:15 of 3rd period - Wrist shot by Patrick Eaves.
8:15 of 3rd period - Shot Blocked by Paul Martin.
8:25 of 3rd period - Ryan Getzlaf is hit by Ryan Parent and loses puck.
8:52 of 3rd period - Maxim Afinogenov is hit by Andrei Markov and loses puck.
9:06 of 3rd period - Icing by Brendon Nash.
9:07 of 3rd period - Maxim Lapierre wins face-off versus John Tavares in Canucks zone.
9:18 of 3rd period - Snap shot by Maxim Lapierre.
9:18 of 3rd period - Shot Misses the Net.
9:20 of 3rd period - Slapshot by Brendon Nash.
9:20 of 3rd period - Shot Misses the Net.
9:36 of 3rd period - Wrist shot by Ryan Getzlaf.
9:36 of 3rd period - Deflect By Michael Frolik.
9:36 of 3rd period - Shot Misses the Net.
9:36 of 3rd period - Puck is out of play.
9:37 of 3rd period - Ryan Getzlaf wins face-off versus Matt Stajan in Canucks zone.
9:38 of 3rd period - Snap shot by Michael Frolik.
9:38 of 3rd period - Stopped by Brent Krahn with a rebound.
9:40 of 3rd period - Snap shot by Ryan Getzlaf.
9:40 of 3rd period - Goal by Ryan Getzlaf - Stars : 3 - Canucks : 1.
9:41 of 3rd period - John Tavares wins face-off versus Patrick Eaves in neutral zone.
10:14 of 3rd period - Slapshot by Evgeny Artyukhin.
10:14 of 3rd period - Stopped by Brent Krahn without a rebound.
10:15 of 3rd period - John Tavares wins face-off versus Mike Ribeiro in Canucks zone.
11:09 of 3rd period - Slapshot by Jussi Jokinen.
11:09 of 3rd period - Shot Blocked by Nick Pryor.
11:11 of 3rd period - Slapshot by Trevor Daley.
11:11 of 3rd period - Shot Blocked by Nick Pryor.
11:13 of 3rd period - Snap shot by Michal Handzus.
11:13 of 3rd period - Shot Blocked by Sami Lepisto.
11:22 of 3rd period - Icing by Sami Lepisto.
11:23 of 3rd period - Jiri Hudler wins face-off versus Sean Avery in Canucks zone.
12:13 of 3rd period - Icing by Ryan Parent.
12:14 of 3rd period - Ryan Getzlaf wins face-off versus Matt Stajan in Canucks zone.
12:35 of 3rd period - Slapshot by Ben Lovejoy.
12:35 of 3rd period - Stopped by Miika Kiprusoff without a rebound.
12:36 of 3rd period - John Tavares wins face-off versus Maxim Lapierre in Stars zone.
13:10 of 3rd period - Slapshot by Clarke MacArthur.
13:10 of 3rd period - Shot Misses the Net.
13:12 of 3rd period - Slapshot by Sami Lepisto.
13:12 of 3rd period - Goal by Sami Lepisto - Stars : 3 - Canucks : 2.
13:13 of 3rd period - Maxim Lapierre wins face-off versus Radim Vrbata in neutral zone.
13:20 of 3rd period - Snap shot by Patrick Eaves.
13:20 of 3rd period - Stopped by Miika Kiprusoff with a rebound.
13:40 of 3rd period - Minor Penalty to Shaone Morrisonn for Hooking.
13:41 of 3rd period - Maxim Afinogenov wins face-off versus Michal Handzus in Stars zone.
13:50 of 3rd period - Slapshot by Alex Goligoski.
13:50 of 3rd period - Stopped by Miika Kiprusoff with a rebound.
13:52 of 3rd period - Snap shot by Jiri Hudler.
13:52 of 3rd period - Shot Misses the Net.
13:54 of 3rd period - Slapshot by Nick Pryor.
13:54 of 3rd period - Stopped by Miika Kiprusoff with a rebound.
13:56 of 3rd period - Wrist shot by Nikolai Zherdev.
13:56 of 3rd period - Shot Hit the Post.
13:58 of 3rd period - Snap shot by Nick Pryor.
13:58 of 3rd period - Shot Blocked by Sean Avery.
15:39 of 3rd period - Alex Goligoski is hit by Marcus Kruger.
15:40 of 3rd period - Penalty to Shaone Morrisonn is over, Shaone Morrisonn is back on ice.
16:05 of 3rd period - Clarke MacArthur is hit by Marcus Kruger and loses puck.
16:21 of 3rd period - Slapshot by Ryan Parent.
16:21 of 3rd period - Deflect By Clarke MacArthur.
16:21 of 3rd period - Stopped by Miika Kiprusoff with a rebound.
16:27 of 3rd period - Patrick Eaves is hit by Marcus Kruger and loses puck.
16:34 of 3rd period - Slapshot by Evgeny Artyukhin.
16:34 of 3rd period - Stopped by Brent Krahn with a rebound.
16:36 of 3rd period - Snap shot by Evgeny Artyukhin.
16:36 of 3rd period - Stopped by Brent Krahn with a rebound.
16:38 of 3rd period - Snap shot by Evgeny Artyukhin.
16:38 of 3rd period - Stopped by Brent Krahn with a rebound.
16:40 of 3rd period - Slapshot by Trevor Daley.
16:40 of 3rd period - Stopped by Brent Krahn without a rebound.
16:41 of 3rd period - Matt Stajan wins face-off versus John Tavares in Canucks zone.
17:12 of 3rd period - Nikolai Zherdev is hit by Ryan Getzlaf and loses puck.
17:27 of 3rd period - Slapshot by Brendon Nash.
17:27 of 3rd period - Deflect By Scott Hartnell.
17:27 of 3rd period - Stopped by Miika Kiprusoff with a rebound.
17:57 of 3rd period - Michael Frolik is hit by Bobby Butler and loses puck.
18:56 of 3rd period - Canucks, Brent Krahn is pulled from the net.
18:56 of 3rd period - Wrist shot by Maxim Afinogenov.
18:56 of 3rd period - Stopped by Miika Kiprusoff with a rebound.
18:58 of 3rd period - Slapshot by Mike Ribeiro.
18:58 of 3rd period - Stopped by Miika Kiprusoff without a rebound.
18:59 of 3rd period - John Tortorella call a timeout for Canucks.
18:59 of 3rd period - Mike Ribeiro wins face-off versus John Tavares in Stars zone.
19:10 of 3rd period - Slapshot by Scott Hartnell.
19:10 of 3rd period - Goal by Scott Hartnell - Stars : 4 - Canucks : 2.
19:10 of 3rd period - Brent Krahn from Canucks was sent back in the game.
19:11 of 3rd period - Mike Ribeiro wins face-off versus Michal Handzus in neutral zone.
19:36 of 3rd period - Snap shot by Ryan Getzlaf.
19:36 of 3rd period - Stopped by Brent Krahn without a rebound.
19:37 of 3rd period - Martin St. Louis wins face-off versus Ryan Getzlaf in Canucks zone.
19:37 of 3rd period - Martin St. Louis is hit by Peter Worrell.
19:54 of 3rd period - Off-side.
19:55 of 3rd period - Michal Handzus wins face-off versus Mike Ribeiro in neutral zone.
Goals for this period are 2 for Stars vs 1 for Canucks.
Shots for this period are 16 for Stars vs 12 for Canucks.